Map: Turbo Cruise '84 LE

Players

MadMan

  • Race: Protoss Protoss
  • League: Platinum
  • Spawn Location: 7:00

PeLLy - Winner!

  • Race: Zerg Zerg
  • League: Diamond
  • Spawn Location: 3:00

VOD

Have the link to the VOD?

Description

Time

  • Played on: Aug. 13, 2019, 4:50 p.m.
  • Length: 6:37
Show
View Real Time Build Order
Export as new Build Order

MadMan Protoss 

Build Orders:  

Get SALT Encoding   

  12  0:01  Probe  
  13  0:13  Probe  
  14  0:18  Pylon  
  14  0:26  Probe  
  15  0:34  Probe  
  15  0:40  Gateway  
  16  0:43  Probe  
  17  0:54  Probe  
  18  0:59  Pylon  
  18  1:06  Probe  
  19  1:15  Probe  
  19  1:19  Assimilator  
  19  1:24  Probe  
  21  1:32  Probe  
  21  1:35  Cybernetics Core  
  21  1:37  Pylon  
  22  1:45  Probe  
  23  1:51  Gateway  
  23  1:53  Warp Gate  
  23  2:01  Assimilator  
  23  2:05  Gateway  
  23  2:12  Adept  
  25  2:20  Gateway  
  25  2:40  Pylon  
  25  2:42  Adept x2  
  29  2:53  Adept  
  31  3:07  Adept  
  33  3:25  Adept  
  35  3:30  Pylon  
  35  3:41  Adept x2  
  39  3:48  Adept  
  41  4:12  Zealot  
  41  4:13  Zealot x2  
  47  5:25  Zealot x2  
Show
View Real Time Build Order
Export as new Build Order

PeLLy Zerg - Winner!

Build Orders: Hatch First 

Get SALT Encoding   

  12  0:01  Drone  
  13  0:12  Overlord  
  13  0:22  Drone  
  14  0:31  Drone x2  
  14  0:34  Drone  
  17  1:05  Drone x2  
  19  1:14  Hatchery  
  19  1:15  Spawning Pool  
  17  1:21  Drone  
  19  1:25  Drone  
  19  1:31  Extractor  
  19  1:32  Drone  
  19  1:39  Drone  
  20  1:49  Drone  
  21  2:06  Drone  
  22  2:12  Overlord  
  22  2:31  Zergling x2  
  22  2:34  Zergling x4  
  22  2:36  Queen x2  
  29  2:37  Zergling x2  
  30  2:44  Drone  
  30  2:50  Drone  
  32  2:53  Overlord  
  32  3:07  Drone x2  
  32  3:11  Hatchery  
  33  3:19  Queen  
  35  3:25  Drone  
  35  3:26  Drone x2  
  38  3:30  Roach Warren  
  37  3:40  Lair  
  37  3:41  Metabolic Boost  
  34  3:55  Drone  
  34  3:56  Drone x8  
  42  4:17  Overlord x2  
  42  4:21  Queen  
  43  4:26  Zergling x2  
  43  4:27  Spine Crawler  
  41  4:37  Glial Reconstitution  
  41  4:38  Extractor  
  37  4:39  Roach  
  38  4:51  Roach  
  37  4:57  Queen  
  35  5:22  Roach x3  
  39  5:30  Roach x2  
  41  5:40  Roach x2  
  42  6:00  Roach x3  
  46  6:09  Drone x2  
  48  6:24  Drone x4  
Tags
 
Add a new tag
Caveats
  • Supply blocks, unpowered buildings, or Contaminate may cause inaccurate times.
  • Supply counts are checked every 10 seconds.